 Dungeon Crawl Stone Soup version 0.26-a0-689-gc93c913f66 (webtiles) character file.

Game seed: 18035430524891071731

17 Descartes the Chiller (level 2, 0/15 HPs)
             Began as a Deep Elf Ice Elementalist on Oct 23, 2020.
             Slain by a worker ant (4 damage)
             ... on level 2 of the Dungeon.
             The game lasted 00:01:50 (883 turns).

Descartes the Chiller (Deep Elf Ice Elementalist)    Turns: 883, Time: 00:01:51

Health: 0/15       AC:  3    Str:  5    XL:     2   Next: 44%
Magic:  6/8        EV: 12    Int: 19    God:
Gold:   107        SH:  0    Dex: 15    Spells: 6/7 levels left

rFire    . . .     SeeInvis .   i - +1 dagger (flame)
rCold    . . .     Faith    .   (no shield)
rNeg     . . .     Spirit   .   n - +0 leather armour
rPois    .         Reflect  .   (no helmet)
rElec    .         Harm     .   (no cloak)
rCorr    .         Rampage  .   (no gloves)
MR       .....                  (no boots)
Stlth    ++........             b - amulet of magic regeneration
HPRegen  0.05/turn              (no ring)
MPRegen  0.36/turn              (no ring)

@: lethally poisoned (0 -> -12)
A: no striking features
a: no special abilities


You were on level 2 of the Dungeon.
You visited 1 branch of the dungeon, and saw 2 of its levels.

You collected 107 gold pieces.

Inventory:

Hand Weapons
 f - a +0 short sword
 i - a +1 dagger of flaming (weapon)
 j - a +0 short sword of draining
Missiles
 c - 72 stones (quivered)
 m - 20 sling bullets
Armour
 a - a +0 robe
 n - a +0 leather armour (worn)
Jewellery
 b - an amulet of magic regeneration (around neck)
Scrolls
 d - 3 scrolls of teleportation {unknown}
 h - 3 scrolls of identify {unknown}
 k - a scroll of remove curse {unknown}
 l - 2 scrolls of fear {unknown}
 o - a scroll of fog {unknown}
Potions
 e - a potion of might {unknown}
 g - a potion of heal wounds {unknown}


   Skills:
 + Level 2.9 Dodging
 - Level 2.4 Stealth
 + Level 3.4 Spellcasting
 + Level 4.7 Ice Magic


You had 6 spell levels left.
You knew the following spells:

 Your Spells              Type           Power        Failure   Level
a - Freeze                Ice            ###.         3%          1

Your spell library contained the following spells:

 Spells                   Type           Power        Failure   Level
 Frozen Ramparts          Ice            ###...       11%         3
 Ozocubu's Armour         Ice            ###.....     11%         3
 Hailstorm                Conj/Ice       ##......     67%         4
 Summon Ice Beast         Ice/Summ       ##......     67%         4


Dungeon Overview and Level Annotations

Branches:
Dungeon (2/15)

Altars:


Message History

Casting: Freeze (safe; 3% risk of failure)
Confirm with . or Enter, or press ? or * to list all spells.
Aiming: Freeze (safe; 3% risk of failure)
Press: ? - help, Shift-Dir - straight line, f - worker ant
Aim: a worker ant You freeze the worker ant!
The worker ant is heavily wounded.
You feel sick. The worker ant bites you.
You are more poisoned.
The worker ant poisons you!
Casting: Freeze (safe; 3% risk of failure)
Confirm with . or Enter, or press ? or * to list all spells.
Aiming: Freeze (safe; 3% risk of failure)
Press: ? - help, Shift-Dir - straight line, f/p - worker ant
Aim: a worker ant (heavily wounded)
You freeze the worker ant!
The worker ant is almost dead.
* * * LOW HITPOINT WARNING * * *
You feel sick. The worker ant bites you.
You die...

##.###################.....##
##....# ####......# ##..#.#
#.......>.# ....#.#
###.###..#### ....#.#
#...#?#...######## ....#.#
###.###.###.##...... ....#.#
#...#... #...###### ....#.#
##.###g# ###.# ....#.#
#...@Bg# #.# ....#.# #..###g#
###.# .##.#.# ##....#...
#...#
....#.######..##.###.###.###
.##.#.)............#[#...#
....####.######....###.###
.#### #.# ###......# ....#
#.# ######## ....# #.#


You could see a worker ant, 2 hobgoblins and a goblin.

Vanquished Creatures
  A goblin (D:1)
  2 hobgoblins
  3 bats
  A frilled lizard (D:1)
  7 kobolds
  2 rats (D:1)
16 creatures vanquished.

Notes
Turn   | Place    | Note
-------+----------+-------------------------------------------
     0 | D:1      | Descartes the Deep Elf Ice Elementalist began the quest for
                  | the Orb.
     0 | D:1      | Reached XP level 1. HP: 10/10 MP: 6/6
   409 | D:1      | Reached XP level 2. HP: 15/15 MP: 5/8
   883 | D:2      | Slain by a worker ant

Illustrated notes

Levels and vault maps discovered:
D:1:      minmay_arrival_diagonal_passages, layout_rooms
D:2:      layout_basic, overflow_temple_1_default, minmay_quantized

Action                   || total
-------------------------++-------
Melee: Short sword       ||     1
       Dagger            ||     2
 Cast: Freeze            ||    25
Armor: Leather armour    ||     1
Dodge: Dodged            ||    11

Table legend: (Time is in decaauts)
 A = Elapsed time spent in this place.
 B = Non-inter-level travel time spent in this place.
 C = Inter-level travel time spent in this place.
 D = Time resting spent in this place.
 E = Time spent auto-exploring this place.
 F = Levels seen in this place.
 G = Mean time per level.
                   A        B        C        D        E       F      G
               +--------+--------+--------+--------+--------+-----+--------+
         Total |    881 |    863 |     18 |      0 |    733 |   2 |  440.5 |
       Dungeon |    881 |    863 |     18 |      0 |    733 |   2 |  440.5 |
               +--------+--------+--------+--------+--------+-----+--------+

Top non-repeatable levels by time:
     D:1: 596 daAuts
     D:2: 285 daAuts
